Map: Deathaura LE

Players

Infernox

  • Race: Terran Terran
  • Spawn Location: 5:00

A.I. 1 (Very Easy) - Winner!

  • Race: Protoss Protoss
  • Spawn Location: 11:00

VOD

Have the link to the VOD?

Description

Time

  • Played on: Aug. 23, 2020, 10:03 a.m.
  • Length: 10:32
Show
View Real Time Build Order
Export as new Build Order

Infernox Terran 

Build Orders:  

Get SALT Encoding   

  12  0:00  SCV  
  13  0:12  SCV  
  14  0:16  Supply Depot  
  14  0:24  SCV  
  15  0:38  SCV  
  15  0:39  Barracks  
  16  0:43  Refinery  
  16  0:50  SCV  
  17  1:02  SCV  
  18  1:14  SCV  
  19  1:26  Barracks Reactor, Orbital Command  
  19  1:39  Command Center  
  19  1:46  Supply Depot  
  19  1:52  SCV  
  20  2:01  Marine x2  
  20  2:04  SCV  
  23  2:17  SCV, Factory  
  23  2:19  Marine x2  
  26  2:24  Refinery  
  27  2:30  SCV  
  27  2:37  Marine x2  
  27  2:42  SCV  
  30  2:51  Orbital Command  
  30  2:55  Marine x2  
  30  2:57  SCV  
  33  3:01  Factory Reactor, Starport  
  33  3:09  SCV  
  34  3:13  Marine x2  
  34  3:18  Barracks  
  36  3:21  SCV  
  36  3:25  SCV  
  38  3:31  Supply Depot  
  38  3:32  Marine  
  38  3:33  SCV, Marine  
  41  3:45  Medivac x2  
  41  3:46  SCV  
  46  3:50  Refinery  
  46  3:53  SCV  
  46  3:55  Marine  
  48  3:56  Marine, Supply Depot  
  48  4:01  SCV  
  50  4:04  Widow Mine  
  50  4:07  SCV  
  50  4:08  Barracks Reactor  
  50  4:09  Barracks Tech Lab  
  53  4:11  Fusion Core  
  53  4:13  SCV  
  54  4:19  SCV, Supply Depot  
  55  4:27  SCV  
  55  4:28  Stimpack  
  56  4:36  SCV  
  57  4:40  SCV  
  57  4:41  Starport Tech Lab  
  57  4:44  Command Center  
  58  4:48  SCV  
  58  4:50  Hellion x2  
  63  4:55  SCV  
  63  4:56  Supply Depot  
  64  5:02  SCV  
  65  5:16  Hellion x2  
  65  5:18  SCV, Battlecruiser  
  65  5:19  SCV  
  65  5:20  Supply Depot  
  77  5:32  SCV, Supply Depot  
  78  5:42  Hellion x2  
  82  5:44  Supply Depot  
  82  5:45  Engineering Bay  
  82  5:46  Engineering Bay  
  82  5:48  Refinery  
  82  5:49  SCV x2  
  84  5:54  Supply Depot  
  84  6:01  SCV x2  
  86  6:07  Combat Shield  
  86  6:11  Factory Tech Lab  
  86  6:12  Barracks  
  86  6:13  Terran Infantry Weapons Level 1, Terran Infantry Armor Level 1  
  86  6:17  SCV  
  87  6:18  Orbital Command  
  88  6:28  Barracks  
  88  6:29  SCV  
  88  6:30  Barracks  
  88  6:34  SCV  
  88  6:36  Marine x2  
  88  6:38  Siege Tank  
  94  6:41  SCV  
  94  6:46  SCV  
  96  6:47  Starport Reactor  
  96  6:48  Barracks  
  96  6:51  Supply Depot  
  96  6:54  SCV x2  
  98  6:58  SCV  
  98  7:00  Marine x3, Marauder  
  104  7:06  SCV x2  
  106  7:10  SCV  
  106  7:11  Supply Depot  
  106  7:13  Siege Tank  
  110  7:17  Armory  
  110  7:18  SCV x2, Barracks Tech Lab  
  110  7:19  Barracks Reactor  
  111  7:23  SCV, Barracks  
  111  7:25  Barracks  
  111  7:27  Barracks  
  112  7:30  SCV  
  112  7:34  Medivac x2  
  112  7:36  SCV x2  
  119  7:39  Supply Depot  
  119  7:42  SCV  
  120  7:45  Siege Tank  
  120  7:47  Refinery  
  123  7:51  Marine x6, Supply Depot  
  123  7:57  SCV  
  131  8:05  Terran Vehicle Weapons Level 1  
  130  8:07  Terran Infantry Armor Level 2, Terran Infantry Weapons Level 2  
  130  8:09  Marine x3  
  130  8:10  Supply Depot  
  130  8:11  Barracks Reactor x2  
  130  8:12  Marine x5  
  133  8:14  Barracks Tech Lab  
  138  8:20  Siege Tank  
  144  8:27  Marine x3  
  144  8:30  Marine  
  144  8:31  Marauder  
  144  8:34  Marine x4  
  148  8:40  Medivac x2  
  155  8:43  Marine  
  155  8:45  Marine x3  
  155  8:48  Marine  
  160  8:49  Command Center  
  160  8:50  Marine x4  
  160  8:51  Marine  
  160  8:55  Refinery, Supply Depot  
  165  8:56  Supply Depot  
  165  9:00  Marine x5  
  170  9:02  Marine  
  170  9:03  Marine  
  170  9:06  Armory, Advanced Ballistics  
  172  9:15  SCV, Starport  
  172  9:16  SCV x2  
  175  9:18  Factory  
  175  9:20  Marine x3, Marauder, Supply Depot  
  180  9:27  Concussive Shells, Marauder x2  
  184  9:42  SCV x3, Supply Depot  
  184  9:43  Supply Depot  
  184  9:44  Marine x5  
  184  9:45  Marauder x2  
  196  9:54  Starport Reactor  
  196  10:00  Starport  
  196  10:05  Orbital Command  
  196  10:08  Command Center  
  196  10:09  Marine x2, Marauder  
  200  10:30  Refinery  
  200  10:31  Refinery  
Show
View Real Time Build Order
Export as new Build Order

A.I. 1 (Very Easy) Protoss - Winner!

Build Orders: 1 Gate Expand, Nexus First 

Get SALT Encoding   

  12  0:00  Probe  
  13  0:13  Probe  
  14  0:19  Pylon  
  14  0:43  Gateway  
  14  1:00  Nexus  
  14  1:20  Pylon, Zealot  
  14  1:24  Assimilator  
  16  1:38  Probe  
  16  1:39  Cybernetics Core  
  17  1:50  Probe  
  18  1:59  Assimilator  
  18  2:00  Probe  
  18  2:07  Stalker  
  18  2:08  Probe  
  19  2:10  Warp Gate  
  20  2:17  Probe  
  23  2:23  Probe  
  24  2:31  Probe  
  25  2:38  Probe  
  26  2:52  Probe  
  26  2:55  Assimilator  
  26  2:57  Pylon  
  27  2:59  Probe  
  28  3:07  Probe  
  29  3:13  Robotics Facility  
  29  3:14  Probe  
  30  3:24  Probe  
  31  3:29  Zealot  
  31  3:32  Probe  
  34  3:39  Probe  
  35  3:46  Probe  
  36  3:53  Probe  
  37  3:59  Observer  
  37  4:00  Probe  
  39  4:08  Probe  
  40  4:13  Assimilator, Observer  
  40  4:15  Probe  
  41  4:22  Probe  
  43  4:29  Probe  
  44  4:36  Probe  
  45  4:39  Pylon  
  45  4:42  Stalker  
  45  4:44  Probe  
  48  4:51  Probe  
  49  4:58  Probe  
Tags
 
Add a new tag
Caveats
  • Supply blocks, unpowered buildings, or Contaminate may cause inaccurate times.
  • Supply counts are checked every 10 seconds.